 Dungeon Crawl Stone Soup version 0.24-a0-459-g225fefd530 (webtiles) character file.

Game seed: 3361023834123063870

182 Mrkan the Skirmisher (level 5, -4/34 HPs)
             Began as a Gargoyle Fighter on June 28, 2019.
             Was a Follower of Ashenzari.
             Killed from afar by Ijyb (12 damage)
             ... with a bolt of acid
             ... on level 3 of the Dungeon on June 29, 2019.
             The game lasted 00:06:27 (2134 turns).

Mrkan the Skirmisher (Gargoyle Fighter)             Turns: 2134, Time: 00:06:28

Health: -4/34      AC: 14    Str: 21    XL:     5   Next: 61%
Magic:  5/5        EV:  5    Int:  8    God:    Ashenzari [*.....]
Gold:   142        SH:  9    Dex:  9    Spells: 4/4 levels left

rFire    . . .     SeeInvis .   a - +0 flail
rCold    . . .     Gourm    .   c - +0 shield
rNeg     + . .     Faith    .   j - +0 plate armour
rPois    ∞         Spirit   .   (no helmet)
rElec    +         Reflect  .   l - +1 cloak
rCorr    .         Harm     .   (no gloves)
MR       .....                  h - +0 pair of boots
Stlth    ..........             (no amulet)
HPRegen  0.11/turn              e - +1 ring of evasion
MPRegen  0.09/turn              (no ring)

@: corroded
A: negative energy resistance 1, electricity resistance, unbreathing,
petrification resistance, rot immunity, AC +4
a: Curse Item, Scrying, Renounce Religion


You were on level 3 of the Dungeon.
You worshipped Ashenzari.
Ashenzari was aware of your devotion.
You were hungry.

You visited 1 branch of the dungeon, and saw 4 of its levels.

You collected 142 gold pieces.

Inventory:

Hand Weapons
 a - a +0 flail (weapon)
Armour
 c - a +0 shield (worn)
 h - a +0 pair of boots (worn)
 j - a +0 plate armour (worn)
 l - a +1 cloak (worn)
Jewellery
 e - a +1 ring of evasion (left hand)
Scrolls
 g - a scroll of random uselessness {unknown}
 i - 6 scrolls of identify {unknown}
 k - a scroll of amnesia {unknown}
 o - a scroll of enchant weapon {unknown}
 s - a scroll of enchant armour {unknown}
Potions
 d - a potion of might
 m - a potion of magic {unknown}
 n - 2 potions of degeneration {unknown}
 p - a potion of brilliance {unknown}
 q - a potion of heal wounds {unknown}
 r - a potion of haste {unknown}
 t - a potion of curing {unknown}
Comestibles
 b - 2 chunks of flesh
 f - 6 rations


   Skills:
 + Level 4.3 Fighting
 * Level 4.2 Maces & Flails
 - Level 3.2 Armour
 + Level 4.3 Shields


You had 4 spell levels left.
You didn't know any spells.
Your spell library was empty.

Dungeon Overview and Level Annotations

Branches:
Dungeon (4/15)
 Temple: D:4-7

Altars:
Ashenzari

Annotations:
D:3 Ijyb
D:4 Grinder


Innate Abilities, Weirdness & Mutations

You are resistant to torment.
Your stone body is resilient. (AC +4)
You are immune to poison.
You resist negative energy. (rN+)
You are resistant to electric shocks. (rElec)
You can survive without breathing.
You are immune to petrification.
You are immune to rotting.


Message History

You closely miss Natasha.
Natasha is severely wounded.
Natasha mewls in sadness.
You block Natasha's attack.
Your plate armour prevents you from hitting Natasha.
Natasha is severely wounded.
Natasha claws you.
You thump Natasha!
You kill Natasha!
Natasha yowls pathetically as she dies!
You are feeling hungry.
You closely miss Ijyb. Ijyb hits you but does no damage.
Your shield and plate armour prevent you from hitting Ijyb.
Ijyb zaps a wand.
The bolt of acid hits you. The acid corrodes you!
You are splashed with acid!
* * * LOW HITPOINT WARNING * * *
You hit Ijyb.
Ijyb is lightly wounded.
Ijyb zaps a wand.
The bolt of acid hits you!
You die...

#...#......# #....
#...#......# ####.
#####......# #####
####### #......#
#.... .......
##...### #....
.......######.#
#....
............#.#
#....
##...##.###÷#.####
#.... #.
#@#........# #....
#g#.#.##...# ##...
..#.#.. ...# #...
...# ### ...# #...
....# ...# ####
...... ...#
....... ...# ####
###..... #... #...


You could see Ijyb.

Vanquished Creatures
  Natasha (D:3)
  3 gnolls (D:3)
  4 adders
  2 oozes
  2 worms
  3 dart slugs (D:1)
  4 leopard geckos
  An orc (D:2)
  3 giant cockroaches (D:2)
  11 goblins
  8 hobgoblins
  2 quokkas
  4 bats
  6 frilled lizards
  9 kobolds
  10 rats
73 creatures vanquished.

Notes
Turn   | Place    | Note
-------+----------+-------------------------------------------
     0 | D:1      | Mrkan the Gargoyle Fighter began the quest for the Orb.
     0 | D:1      | Reached XP level 1. HP: 14/14 MP: 1/1
   124 | D:1      | Reached XP level 2. HP: 17/19 MP: 2/2
   391 | D:1      | Reached XP level 3. HP: 23/23 MP: 3/3
   768 | D:2      | Found a faded altar of an unknown god.
   856 | D:2      | Became a worshipper of Ashenzari the Shackled
   856 | D:2      | Reached * piety under Ashenzari
   879 | D:2      | Reached XP level 4. HP: 29/29 MP: 4/4
  1514 | D:3      | Reached XP level 5. HP: 27/33 MP: 5/5
  1773 | D:4      | Noticed Grinder
  1775 | D:4      | Paralysed by Grinder for 4 turns
  1785 | D:4      | Paralysed by Grinder for 4 turns
  2120 | D:3      | Noticed Natasha
  2123 | D:3      | Noticed Ijyb
  2131 | D:3      | Killed Natasha
  2134 | D:3      | Killed from afar by Ijyb

Levels and vault maps discovered:
D:1:      mrwooster_arrival_statue_3, layout_basic
D:2:      layout_loops_ring, chequers_ecumenical_altar_simple,
          kennysheep_generic_room_5
D:3:      layout_basic, grunt_temple_overflow_open, first_ration, uniq_natasha,
          uniq_ijyb
D:4:      layout_rooms, nicolae_ossuary_entry_monument, uniq_grinder

Skill      XL: |  1  2  3  4  5 |
---------------+----------------+-----
Maces & Flails | 3 4 |  4.2
Fighting       | 4 |  4.3
Shields        | 4 |  4.3
Armour         | |  3.2

Action                   |  1- 3 |  4- 6 || total
-------------------------+-------+-------++-------
Melee: Flail             |   102 |   158 ||   260
  Eat: Chunk             |       |     4 ||     4
Armor: Scale mail        |    23 |       ||    23
       Plate armour      |    29 |    94 ||   123
Dodge: Dodged            |    21 |    23 ||    44
Block: Shield            |    48 |    61 ||   109

Table legend:
 A = Non-vault XP
 B = Vault XP
 C = Vault XP percentage of total XP
 D = Non-vault monster count
 E = Vault monster count
 F = Vault count percentage of total count
                 A         B        C        D         E       F
            +---------+---------+-------+---------+---------+-------
      Total |     220 |      40 |  15.4 |      69 |       4 |   5.5
            +---------+---------+-------+---------+---------+-------
        D:1 |      57 |       0 |   0.0 |      26 |       0 |   0.0
        D:2 |      71 |       4 |   5.3 |      23 |       3 |  11.5
        D:3 |      90 |      36 |  28.6 |      19 |       1 |   5.0
        D:4 |       2 |       0 |   0.0 |       1 |       0 |   0.0
            +---------+---------+-------+---------+---------+-------
